 Dungeon Crawl Stone Soup version 0.29-a0-284-gf9362112df (webtiles) character file.

Game seed: 12407565187393681757

1250 drugrobin the Chopper (level 8, -1/102 HPs)
             Began as a Demigod Fighter on Mar 16, 2022.
             Succumbed to an orc wizard's poison
             ... on level 5 of the Dungeon.
             The game lasted 00:14:34 (7249 turns).

drugrobin the Chopper (Demigod Fighter)             Turns: 7249, Time: 00:14:34

Health: -1/102     AC: 24    Str: 25    XL:     8   Next: 5%
Magic:  10/10      EV:  2    Int: 10    God:
Gold:   284        SH:  4    Dex: 13    Spells: 7/7 levels left

rFire   x . .      SeeInvis .   b - +1 dagger (venom)
rCold   + . .      Faith    .   y - +0 buckler
rNeg    . . .      Spirit   .   (body armour currently unavailable)
rPois   +          Reflect  .   (helmet currently unavailable)
rElec   .          Harm     .   (cloak currently unavailable)
rCorr   .          Rampage  .   (gloves currently unavailable)
Will    .....      NoTele   +   (boots currently unavailable)
Stlth   +.........              v - amulet of the acrobat
HPRegen 0.27/turn               l - ring of ice
MPRegen 0.12/turn               (no ring)

@: lethally poisoned (-1 -> -29), tree-form
A: stationary, stasis, torment immunity, boosted hp, high MP 1, forlorn, divine
attributes
a: no special abilities


You were on level 5 of the Dungeon.
You were a tree.
You visited 1 branch of the dungeon, and saw 6 of its levels.

You collected 284 gold pieces.

Inventory:

Hand Weapons
 a - a +0 war axe
 b - a +1 dagger of venom (weapon)
 c - a +3 mace
Missiles
 h - 5 boomerangs (quivered)
 o - 4 poisoned darts
Armour
 e - a +0 chain mail (melded)
 g - a +0 scale mail
 j - a scarf of repulsion
 k - a +0 pair of boots (melded)
 s - a +1 cloak (melded)
 y - a +0 buckler (worn)
Jewellery
 l - a ring of ice (left branch)
 v - an amulet of the acrobat (around neck)
Scrolls
 f - a scroll of noise {unknown}
 i - a scroll of teleportation
 m - a scroll of holy word {unknown}
 p - a scroll of amnesia {unknown}
 q - 2 scrolls of blinking {unknown}
 x - a scroll of immolation
 z - a scroll of silence {unknown}
 A - a scroll of fear
Potions
 d - a potion of might
 n - a potion of lignification
 t - a potion of mutation {unknown}
 w - a potion of brilliance {unknown}


   Skills:
 + Level 5.3 Fighting
 * Level 6.8 Axes
 + Level 5.1 Armour
 - Level 2.6 Shields


You had 7 spell levels left.
You didn't know any spells.
Your spell library contained the following spells:

 Spells                   Type           Power      Damage    Failure   Level
 Foxfire                  Conj/Fire      0%         2x1d4     45%         1
 Freeze                   Ice            0%         1d3       45%         1
 Blink                    Tloc           0%         N/A       58%         2
 Frozen Ramparts          Ice            0%         1d2       83%         3
 Fulminant Prism          Conj/Hex       0%         3d6       99%         4
 Hailstorm                Conj/Ice       0%         3d3       99%         4
 Iskenderun's Mystic Bla  Conj/Tloc      0%         2d3       99%         4
 Fireball                 Conj/Fire      0%         3d3       100%        5
 Lee's Rapid Deconstruct  Erth           0%         3d5*      100%        5
 Manifold Assault         Tloc           0%         N/A       100%        5
 Starburst                Conj/Fire      0%         6d3       100%        6
 Storm Form               Tmut/Air       0%         N/A       100%        7
 Ignition                 Fire           0%         3d3       100%        8
 Fire Storm               Conj/Fire      0%         5d1       100%        9


Dungeon Overview and Level Annotations

Branches:
Dungeon (6/15)
 Temple: D:4-7


Innate Abilities, Weirdness & Mutations

You are a tree.
Your roots penetrate the ground, keeping you stationary.
You cannot be teleported.
You are immune to unholy pain and torment.
Your maximum health is greatly increased.
Your equipment is partially melded.
You have an increased reservoir of magic. (+10% MP)
You shall have no god before yourself.
Your divine heritage dramatically boosts your attributes as you level up.


Message History

Deactivating autopickup; reactivate with Ctrl-A.
Something tries to affect you, but you resist.
Things that are here:
a +0 dagger; a +0 robe You closely miss something.
You feel very sick. Something hits you.
You closely miss something.
You feel sick. Something hits you.
* * * LOW HITPOINT WARNING * * *
You are more poisoned.
Unknown command.
You hit something but do no damage.
You feel very sick. Something hits you but does no damage.
You are lethally poisoned!
Unknown command.
You barely miss something.
* * * LOW HITPOINT WARNING * * *
You feel very sick. Something hits you but does no damage.
You are more poisoned.
Unknown command.
Unknown command.
Unknown command.
You hit something.
* * * LOW HITPOINT WARNING * * *
You feel very sick. Something hits you.
* * * LOW HITPOINT WARNING * * *
You are more poisoned.
Unknown command.
Unknown command.
Unknown command.
Unknown command.
Really quaff the potion of lignification?
You turn into a tree.
Your +1 cloak melds into your body.
Your +0 pair of boots melds into your body.
Your +0 chain mail melds into your body.
Your roots penetrate the ground.
You die...

##########
#.#......#####
#.......>....#
#...........##
##...........#
##............#
##..###........#
#...#{'........#
.
#.###♣###......#
.
#.#.....#......#
#.###.###......#
#...#.#........#
#...###........#
##..............#
#..............#
###...#........#
##....#........#


There were no monsters in sight!

Vanquished Creatures
  2 water moccasins
  A black bear (D:5)
  An ice beast (D:6)
  An ogre (D:4)
  A centaur (D:6)
  A scorpion (D:5)
  A crimson imp (D:4)
  2 hounds (D:6)
  A jelly (D:6)
  2 gnoll shamans
  3 iguanas
  3 orc wizards
  16 gnolls
  3 adders
  3 river rats (D:4)
  A white imp (D:4)
  A worm (D:4)
  4 dart slugs
  An orc (D:4)
  6 bats
  7 endoplasms
  3 giant cockroaches
  6 goblins
  4 hobgoblins
  4 quokkas
  7 ball pythons
  3 frilled lizards
  5 kobolds
  23 rats
116 creatures vanquished.

Vanquished Creatures (others)
  An adder (D:4)
  A goblin (D:4)
2 creatures vanquished.

Grand Total: 118 creatures vanquished

Notes
Turn   | Place    | Note
-------+----------+-------------------------------------------
     0 | D:1      | drugrobin the Demigod Fighter began the quest for the Orb.
     0 | D:1      | Reached XP level 1. HP: 18/18 MP: 3/3
    71 | D:1      | Reached skill level 2 in Axes
   273 | D:1      | Reached XP level 2. HP: 24/25 MP: 4/4
  1471 | D:2      | Reached XP level 3. HP: 31/31 MP: 5/5
  1506 | D:2      | Reached skill level 3 in Axes
  2295 | D:2      | Reached XP level 4. HP: 38/38 MP: 6/6
  3024 | D:3      | Got the Compendium of Ignition
  3589 | D:4      | Reached XP level 5. HP: 21/45 MP: 7/7
  3595 | D:4      | Reached skill level 4 in Axes
  3737 | D:4      | You fall into a shaft and drop 2 floors!
  3751 | D:5      | Entered Level 5 of the Dungeon
  3774 | D:5      | Noticed an ogre
  3807 | D:5      | Noticed an ogre
  3884 | D:4      | Killed an ogre
  3885 | D:4      | Reached XP level 6. HP: 20/52 MP: 8/8
  4328 | D:4      | Identified the +1 ring mail of the Secret Bounties {rPois
                  | Int+6}
  5134 | D:4      | Reached skill level 5 in Axes
  5354 | D:5      | Reached XP level 7. HP: 34/60 MP: 9/9
  6130 | D:6      | Reached skill level 6 in Axes
  6296 | D:6      | Reached skill level 5 in Fighting
  6803 | D:6      | dude, yikes
  7006 | D:6      | Reached skill level 5 in Armour
  7006 | D:6      | Reached XP level 8. HP: 68/68 MP: 10/10
  7248 | D:5      | HP: 3/68 [something (3)]
  7249 | D:5      | Succumbed to an orc wizard's poison

Illustrated notes

############.#
############.............
#####.......@†...............
#...........###############.#
#.###.####### #.# #.# #.# #.#
#.###.####### #.##.........
#.....####### ####..#


Turn 6803 on D:6: dude, yikes

Levels and vault maps discovered:
D:1:      minmay_arrival_wavy_path, layout_rooms, minivault_5,
          minmay_shallow_snake_nest
D:2:      layout_basic, minmay_rat_hole
D:3:      layout_loops_cross
D:4:      layout_loops_corners, ashenzari_altar_1, lightli_sewer_entry_pipes,
          minmay_fire_ice_demons
D:5:      layout_cave_pods, grunt_decor_cap, minmay_a_box_with_orc_wizards_in_it
D:6:      layout_loops_ring

Skill      XL: |  1  2  3  4  5  6  7 |
---------------+----------------------+-----
Axes           | 2 3 4 5 6 |  6.8
Fighting       | 3 4 5 |  5.3
Armour         | 3 4 5 |  5.1
Shields        | |  2.6

Action                   |  1- 3 |  4- 6 |  7- 9 || total
-------------------------+-------+-------+-------++-------
Melee: War axe           |    56 |   115 |    88 ||   259
       Dagger            |    67 |    77 |    22 ||   166
       Mace              |       |     7 |     5 ||    12
Throw: Dart              |     2 |     7 |    10 ||    19
Evoke: Wand              |       |    10 |       ||    10
  Use: Scroll            |       |     3 |     4 ||     7
       Potion            |       |     1 |     3 ||     4
Armor: Scale mail        |    46 |   101 |    37 ||   184
       Chain mail        |       |       |    34 ||    34
Dodge: Dodged            |    52 |    89 |    35 ||   176
       Repelled          |       |     1 |       ||     1
Block: Buckler           |    28 |    40 |    28 ||    96

Table legend: (Time is in decaauts)
 A = Elapsed time spent in this place.
 B = Non-inter-level travel time spent in this place.
 C = Inter-level travel time spent in this place.
 D = Time resting spent in this place.
 E = Time spent auto-exploring this place.
 F = Levels seen in this place.
 G = Mean time per level.
                   A        B        C        D        E       F      G
               +--------+--------+--------+--------+--------+-----+--------+
         Total |   7385 |   7260 |    125 |   1869 |   3461 |   6 | 1230.8 |
       Dungeon |   7385 |   7260 |    125 |   1869 |   3461 |   6 | 1230.8 |
               +--------+--------+--------+--------+--------+-----+--------+

Top non-repeatable levels by time:
     D:4: 1702 daAuts
     D:1: 1383 daAuts
     D:6: 1249 daAuts
     D:5: 1161 daAuts
     D:2: 1157 daAuts
     D:3: 730 daAuts
